 Dungeon Crawl Stone Soup version 0.30.1-3-gfc49f6343a (webtiles) character file.

Game seed: 3148533910455255436

7 shmup the Firebug (level 2, 0/15 HPs)
             Began as a Tengu Fire Elementalist on Aug 2, 2023.
             Slain by a quokka (2 damage)
             ... on level 1 of the Dungeon.
             The game lasted 00:00:55 (308 turns).

shmup the Firebug (Tengu Fire Elementalist)          Turns: 308, Time: 00:00:56

Health: 0/15       AC:  2    Str:  8    XL:     2   Next: 0%
Magic:  1/6        EV: 12    Int: 15    God:
Gold:   16         SH:  0    Dex: 14    Spells: 4/5 levels left

rFire   . . .        f - +0 dagger
rCold   . . .        (no shield)
rNeg    . . .        a - +0 robe
rPois   .            (helmet restricted)
rElec   .            (no cloak)
rCorr   .            (no gloves)
SInv    .            (boots unavailable)
Will    .....        (no amulet)
Stlth   ++           (no ring)
HPRegen 0.22/turn    (no ring)
MPRegen 0.10/turn

%: no passive effects
@: no status effects
A: beak, talons 3
a: no special abilities


You were on level 1 of the Dungeon.
You visited 1 branch of the dungeon, and saw 1 of its levels.

You collected 16 gold pieces.

Inventory:

Hand Weapons
 f - a +0 dagger (weapon)
Armour
 a - a +0 robe (worn)
Scrolls
 c - a scroll of identify {unknown}
 d - a scroll of brand weapon {unknown}
 g - a scroll of teleportation {unknown}
 h - a scroll of enchant armour {unknown}
Potions
 b - a potion of magic
 e - a potion of ambrosia {unknown}


   Skills:
 - Level 2.1 Dodging
 - Level 2.0 Stealth
 - Level 2.0 Spellcasting
 + Level 1.8 Conjurations
 * Level 3.7 Fire Magic


You had 4 spell levels left.
You knew the following spells:

 Your Spells              Type           Power      Damage    Failure   Level
a - Foxfire               Conj/Fire      36%        2x1d5     7%          1

Your spell library contained the following spells:

 Spells                   Type           Power      Damage    Failure   Level
 Scorch                   Fire           24%        2d6       8%          2
 Inner Flame              Hex/Fire       7%         N/A       30%         3
 Volatile Blastmotes      Fire/Tloc      14%        2d11      30%         3
 Ensorcelled Hibernation  Hex/Ice        2%         N/A       32%         2
 Passwall                 Tmut/Erth      0%         N/A       32%         2
 Ignite Poison            Fire/Tmut/Pois 5%         N/A       38%         3
 Swiftness                Air            1%         N/A       54%         3
 Flame Wave               Conj/Fire      9%         2d6       56%         4
 Sticky Flame             Conj/Fire      9%         2d3       56%         4
 Ignition                 Fire           6%         3d4       100%        8


Dungeon Overview and Level Annotations

Branches:
Dungeon (1/15) Zot: 5691

Altars:


Innate Abilities, Weirdness & Mutations

You have a beak for a mouth.
You have claws for feet.


Message History

The foxfire hits the goblin.
You kill the goblin!
The foxfire hits the quokka but does no damage.
You have reached level 2!
You barely miss the quokka. The quokka closely misses you.
You barely miss the quokka. Your kick misses the quokka. The quokka misses you.
The quokka bites you. The endoplasm attacks as you move away!
The endoplasm closely misses you. The quokka attacks as you move away!
The quokka barely misses you.
Your magical contamination has completely faded away.
Casting: Foxfire (safe; 7% risk of failure)
Confirm with . or Enter, or press ? or * to list all spells.
You miscast Foxfire.
You are very lightly contaminated with residual magic.
Nothing appears to happen.
The quokka barely misses you. The endoplasm completely misses you.
The quokka misses you. The endoplasm closely misses you. The quokka bites you.
* * * LOW HITPOINT WARNING * * *
The endoplasm attacks as you move away! The endoplasm closely misses you.
Your magical contamination has completely faded away.
You barely miss the quokka. The quokka barely misses you.
The quokka closely misses you.
You barely miss the quokka. Your kick misses the quokka.
Your peck misses the quokka. The quokka misses you.
You barely miss the quokka. You peck the quokka, but do no damage.
The quokka completely misses you.
The quokka bites you but does no damage.
You barely miss the quokka. The endoplasm hits you.
* * * LOW HITPOINT WARNING * * *
The quokka bites you.
* * * LOW HITPOINT WARNING * * *
The endoplasm attacks as you move away! The endoplasm hits you.
* * * LOW HITPOINT WARNING * * *
The quokka attacks as you move away! The quokka bites you.
* * * LOW HITPOINT WARNING * * *
Casting: Foxfire (safe; 7% risk of failure)
Confirm with . or Enter, or press ? or * to list all spells.
You conjure some foxfire!
The quokka barely misses you. The quokka bites you.
You die...

▒.▒ ▒▒▒.▒ ▒.▒.▒ ▒▒▒▒▒▒▒.▒.▒
▒▒▒▒▒▒▒▒▒▒ ▒....▒▒...▒ ▒.........
▒.........▒▒▒▒▒▒▒.......▒▒
▒.........▒▒..........▒.▒▒
▒▒▒▒....vv▒▒.▒▒▒▒.▒▒▒▒▒...
▒.....QrJ......▒▒▒▒...▒
▒.....▒▒▒....▒.▒▒....▒▒
▒.....▒▒▒....▒.......▒
▒............▒...▒▒▒▒▒
▒▒▒▒▒▒▒▒▒.....▒▒▒....▒...▒▒▒▒▒▒
▒▒▒..........▒...▒▒..>..........▒
.................................
▒.▒▒▒▒.▒▒▒▒▒.▒...▒▒...▒▒...)...▒▒
▒.▒ ▒.▒ ▒...▒▒▒▒▒▒▒▒▒..▒..▒▒▒


You could see an endoplasm and a quokka (ally target).

Vanquished Creatures
  A giant cockroach (D:1)
  A goblin (D:1)
  A ball python (D:1)
  A bat (D:1)
  2 kobolds (D:1)
  A rat (D:1)
7 creatures vanquished.

Vanquished Creatures (others)
  20 foxfires (D:1)
20 creatures vanquished.

Grand Total: 27 creatures vanquished

Notes
Turn   | Place    | Note
-------+----------+-------------------------------------------
     0 | D:1      | shmup the Tengu Fire Elementalist began the quest for the
                  | Orb.
     0 | D:1      | Reached XP level 1. HP: 10/10 MP: 4/4
   287 | D:1      | Reached XP level 2. HP: 15/15 MP: 1/6
   308 | D:1      | Slain by a quokka

Illustrated notes

Levels and vault maps discovered:
D:1:      shiori_arrival_maze, layout_basic, serial_shops,
          nicolae_shop_rolling_square, minmay_tall_x

Action                     || total
---------------------------++-------
  Melee: Dagger            ||     6
         Peck              ||     1
   Cast: Foxfire           ||    13
 Armour: Robe              ||     1
  Dodge: Dodged            ||    14
